 Dungeon Sprint DCSS version 0.30-a0-50-gb2d611f6b1 (webtiles) character file.

Game seed: 4229403974220961156

367 lesbiats the Basher (level 6, -6/67 HPs)
             Began as a Troll Fighter on Sept 4, 2022.
             Was an Initiate of Jiyva.
             Mangled by a troll (8 damage)
             ... in the Dungeon (Sprint IX: "|||||||||||||||||||||||||||||").
             The game lasted 00:03:11 (181 turns).

lesbiats the Basher (Troll Fighter)                  Turns: 181, Time: 00:03:12

Health: -6/67      AC:  7    Str: 30    XL:     6   Next: 41%
Magic:  5/5        EV: 11    Int:  4    God:    Jiyva [......]
Gold:   0          SH:  0    Dex:  9    Spells: 5/5 levels left

rFire   . . .      SeeInvis .    n - +10 dark maul {vorpal}
rCold   . . .      Faith    .    (shield currently unavailable)
rNeg    . . .      Spirit   .    b - +0 robe
rPois   .          Reflect  .    (helmet restricted)
rElec   .          Harm     .    p - +0 cloak
rCorr   .          Rampage  .    (gloves unavailable)
Will    .....      NoTele   +    (boots unavailable)
Stlth   +.........               (no amulet)
HPRegen 1.01/turn                q - +2 ring of protection
MPRegen 0.09/turn                r - +3 ring of strength

@: no status effects
A: large, unfitting armour, claws 3, regeneration 1, shaggy fur 1, tough skin 1
a: Renounce Religion


You were in the Dungeon.
You worshipped Jiyva.
Jiyva was noncommittal.
You visited 1 branch

Inventory:

Hand Weapons
 a - a +0 flail
 n - the +10 dark maul (weapon) {vorpal}
   (You found it in the Dungeon)

   It inflicts extra damage upon your enemies.
 o - the +2 rapier "Toist" {holy, Drain +Blink Str+3 Int+4}
   (You found it in the Dungeon)

   It has been blessed by the Shining One to cause great damage to the undead
   and demons.
   Str:       It affects your strength (+3).
   Int:       It affects your intelligence (+4).
   +Blink:    It lets you blink.
   Drain:     It drains your maximum health when unequipped.
Armour
 b - a +0 robe (worn)
 c - a +0 kite shield
 p - a +0 cloak (worn)
Jewellery
 q - a +2 ring of protection (left claw)
 r - a +3 ring of strength (right claw)
Wands
 m - a wand of acid (10)
Scrolls
 j - 2 scrolls of blinking
 l - 2 scrolls of amnesia
Potions
 d - a potion of might
 e - 4 potions of curing
 f - 3 potions of heal wounds
 g - a potion of haste
 h - 4 potions of magic
 i - a potion of berserk rage
 k - a potion of invisibility


   Skills:
 + Level 6.2 Fighting
 + Level 8.8 Maces & Flails
 + Level 5.8 Dodging
 - Level 4.5 Shields


You had 5 spell levels left.
You didn't know any spells.
Your spell library was empty.

Dungeon Overview and Level Annotations

Branches:
Dungeon (1/1)

Altars:
Cheibriados
Dithmenos
Elyvilon
Fedhas
Gozag
Hepliaklqana
Kikubaaqudgha
Makhleb
Nemelex Xobeh
Okawaru
Qazlal
Ru
Sif Muna
Trog
Uskayaw
Vehumet
Wu Jian
Xom
Yredelemnul
Zin
The Shining One
Jiyva
Lugonu


Innate Abilities, Weirdness & Mutations

You are too large for most types of armour.
You have claws for hands.
Your natural rate of healing is unusually fast.
You are covered in fur. (AC +1)
You have tough skin. (AC +1)


Message History

The centaur hits you but does no damage.
The centaur kicks you but does no damage.
The centaur closely misses you.
The centaur kicks you but does no damage.
The centaur hits you.
* * * LOW HITPOINT WARNING * * *
The centaur closely misses you.
You bludgeon the centaur!!
You kill the centaur!
The killer bee barely misses you.
The killer bee stings you but does no damage.
The killer bee barely misses you.
The killer bee stings you but does no damage.
Your Fighting skill increases to level 6!
Your Maces & Flails skill increases to level 8!
You have reached level 6!
You feel stronger.
You miss the killer bee.
The killer bee stings you but does no damage. x2
The killer bee barely misses you. The killer bee stings you!
* * * LOW HITPOINT WARNING * * *
The killer bee stings you.
* * * LOW HITPOINT WARNING * * *
You closely miss the killer bee. The killer bee barely misses you.
The killer bee stings you but does no damage. x2
The killer bee barely misses you. The killer bee stings you.
* * * LOW HITPOINT WARNING * * *
You bludgeon the killer bee!!
You kill the killer bee!
The orc priest barely misses you.
You beat the orc priest like a drum!!!
You kill the orc priest!
The troll bites you.
* * * LOW HITPOINT WARNING * * *
The troll claws you.
* * * LOW HITPOINT WARNING * * *
The troll misses you. x2; The troll claws you.
* * * LOW HITPOINT WARNING * * *
The troll claws you!
You die... ▓▓▓▓▓▓▓▓▓▓▓▓▓▓▓▓▓▓▓▓▓▓▓▓ .....yT@.[.[.)..'_______ ▓▓▓▓▓▓▓▓▓▓▓▓▓▓▓▓▓▓▓▓▓▓▓▓

You could see a troll and a hornet.

Vanquished Creatures
  A yak (D)
  A centaur (D)
  A killer bee (D)
  A jelly (D)
  An orc priest (D)
  2 hounds (D)
  An adder (D)
  An orc (D)
  A ball python (D)
  2 giant cockroaches (D)
  2 kobolds (D)
14 creatures vanquished.

Vanquished Creatures (others)
  A black mamba (shapeshifter) (D)
  A kobold demonologist (D)
  2 slime creatures (D)
4 creatures vanquished.

Grand Total: 18 creatures vanquished

Notes
Turn   | Place    | Note
-------+----------+-------------------------------------------
     0 | D        | lesbiats the Troll Fighter began the quest for the Orb.
     0 | D        | Reached XP level 1. HP: 22/22 MP: 0/0
     7 | D        | Reached skill level 2 in Maces & Flails
    21 | D        | Noticed a hound
    21 | D        | Noticed a hound
    21 | D        | Noticed a jelly
    27 | D        | Reached XP level 2. HP: 31/31 MP: 1/1
    30 | D        | Reached skill level 3 in Maces & Flails
    30 | D        | Reached XP level 3. HP: 36/37 MP: 2/2
    33 | D        | Reached skill level 4 in Maces & Flails
    43 | D        | Reached XP level 4. HP: 7/48 MP: 3/3
    49 | D        | Reached skill level 5 in Maces & Flails
    99 | D        | Found a snail-covered altar of Cheibriados.
    99 | D        | Found a shadowy altar of Dithmenos.
    99 | D        | Found a white marble altar of Elyvilon.
    99 | D        | Found a blossoming altar of Fedhas.
    99 | D        | Found an opulent altar of Gozag.
   100 | D        | Found a hazy altar of Hepliaklqana.
   101 | D        | Found a viscous altar of Jiyva.
   102 | D        | Found an ancient bone altar of Kikubaaqudgha.
   103 | D        | Found a corrupted altar of Lugonu.
   104 | D        | Found a burning altar of Makhleb.
   105 | D        | Found a sparkling altar of Nemelex Xobeh.
   106 | D        | Found an iron altar of Okawaru.
   107 | D        | Found a stormy altar of Qazlal.
   108 | D        | Found a sacrificial altar of Ru.
   109 | D        | Became a worshipper of Jiyva Jioney the Shapeless
   109 | D        | Killed a black mamba
   110 | D        | Found a shimmering blue altar of Sif Muna.
   110 | D        | Killed a slime creature
   111 | D        | Found a bloodstained altar of Trog.
   112 | D        | Found a hide-covered altar of Uskayaw.
   113 | D        | Found a radiant altar of Vehumet.
   114 | D        | Found an ornate altar of the Wu Jian Council.
   114 | D        | Killed a kobold demonologist
   115 | D        | Found a shimmering altar of Xom.
   116 | D        | Found a basalt altar of Yredelemnul.
   117 | D        | Found a glowing silver altar of Zin.
   118 | D        | Found a glowing golden altar of the Shining One.
   120 | D        | Killed a slime creature
   126 | D        | Found the +10 dark maul {vorpal}
   134 | D        | Got the +2 rapier "Toist" {holy, Drain +Blink Str+3 Int+4}
   168 | D        | Noticed a hornet
   168 | D        | Noticed a troll
   168 | D        | Noticed a centaur
   168 | D        | Noticed a yak
   174 | D        | Killed a yak
   175 | D        | Reached skill level 5 in Fighting
   175 | D        | Reached skill level 7 in Maces & Flails
   175 | D        | Reached skill level 5 in Dodging
   175 | D        | Reached XP level 5. HP: 10/57 MP: 4/4
   177 | D        | Killed a centaur
   178 | D        | Reached skill level 8 in Maces & Flails
   178 | D        | Reached XP level 6. HP: 17/67 MP: 5/5
   181 | D        | HP: 2/67 [troll (6)]
   181 | D        | Mangled by a troll

Illustrated notes

Levels and vault maps discovered:
D:        linesprint [early_d, line_temple, items_1, d_10, items_2, lair_1,
          lair_end, items_3, orc_1, orc_end, items_4, d_15, swamp_1, shoals_1,
          snake_1, spider_1, d_20, vaults_1, items_5, swamp_end, shoals_end,
          snake_end, spider_end, vaults_end, d_27, items_6, zot_1, zot_end,
          crypt_end, forest_end, elf_end, slime_end, tomb_end, abyss_end,
          pan_hell_end]

Skill      XL: |  1  2  3  4  5 |
---------------+----------------+-----
Maces & Flails | 2 3 4 7 8 |  8.8
Shields        | 3 4 |  4.5
Fighting       | 3 5 6 |  6.2
Dodging        | 3 5 |  5.8

Action                   |  1- 3 |  4- 6 || total
-------------------------+-------+-------++-------
Melee: Flail             |    29 |     6 ||    35
       Maul              |       |    12 ||    12
  Use: Potion            |       |     1 ||     1
Armor: Robe              |     5 |    12 ||    17
Dodge: Dodged            |    13 |    24 ||    37
Block: Kite shield       |     8 |     2 ||    10

Table legend: (Time is in decaauts)
 A = Elapsed time spent in this place.
 B = Non-inter-level travel time spent in this place.
 C = Inter-level travel time spent in this place.
 D = Time resting spent in this place.
 E = Time spent auto-exploring this place.
 F = Levels seen in this place.
 G = Mean time per level.
                   A        B        C        D        E       F      G
               +--------+--------+--------+--------+--------+-----+--------+
         Total |    214 |    214 |      0 |     41 |      3 |   1 |  214.0 |
       Dungeon |    214 |    214 |      0 |     41 |      3 |   1 |  214.0 |
               +--------+--------+--------+--------+--------+-----+--------+

Top non-repeatable levels by time:
       D: 214 daAuts
